 Dungeon Crawl Stone Soup version 0.22.0-38-g04b72b8c25 (webtiles) character file.

8183 Freyura the Basher (level 11, -13/68 HPs)
             Began as a Gargoyle Abyssal Knight on Aug 30, 2018.
             Was a High Priest of Lugonu.
             Mangled by an enormous slime creature (54 damage)
             ... on level 9 of the Dungeon.
             The game lasted 00:32:51 (6263 turns).

Freyura the Basher (Gargoyle Abyssal Knight)        Turns: 6263, Time: 00:32:52

Health: -13/68     AC: 27    Str: 25    XL:     11   Next: 26%
Magic:  17/17      EV: 12    Int: 15    God:    Lugonu [*****.]
Gold:   462        SH: 19    Dex: 22    Spells: 10/10 levels left

rFire    + . .     SeeInvis .   f - +7 flail of Drought {holy, +Rage rElec MR+ Str+3}
rCold    . . .     Gourm    .   C - +1 large shield of Love and Death {rF+ Regen+ Int+3 Stlth+}
rNeg     + . .     Faith    .   q - +0 chain mail
rPois    ∞         Spirit   .   B - +1 helmet
rElec    +         Reflect  .   k - +2 cloak
rCorr    .         Harm     .   y - +0 pair of gloves
MR       +....                  d - +0 pair of boots
Stlth    +.........             (no amulet)
HPRegen  0.61/turn              x - +5 ring of dexterity
MPRegen  0.15/turn              u - +2 ring of evasion

@: mighty, agile, hasted, very quick
A: negative energy resistance 1, electricity resistance, unbreathing,
petrification resistance, rot immunity, AC +8
a: Depart the Abyss, Bend Space, Banish, Corrupt, Enter the Abyss, Renounce
Religion, Evoke Berserk Rage


You were on level 9 of the Dungeon.
You worshipped Lugonu.
Lugonu was extremely pleased with you.
You were not hungry.

You visited 1 branch of the dungeon, and saw 9 of its levels.
You visited the Abyss 1 time.
You also visited: Sewer.

You collected 462 gold pieces.

Inventory:

Hand Weapons
 f - the +7 flail of Drought (weapon) {holy, +Rage rElec MR+ Str+3}
   (You found it on level 4 of the Dungeon)

   It has been blessed by the Shining One to cause great damage to the undead
   and demons.
   It affects your strength (+3).
   It insulates you from electricity.
   It affects your resistance to hostile enchantments.
   It lets you go berserk.
Armour
 d - a +0 pair of boots (worn)
 k - a +2 cloak (worn)
 q - a +0 chain mail (worn)
 y - a +0 pair of gloves (worn)
 B - a +1 helmet (worn)
 C - the +1 large shield of Love and Death (worn) {rF+ Regen+ Int+3 Stlth+}
   (You acquired it on level 7 of the Dungeon)

   It affects your intelligence (+3).
   It protects you from fire.
   It increases your rate of regeneration.
   It makes you more stealthy.
Jewellery
 l - a +2 ring of dexterity
 n - an uncursed ring of magical power
 u - a +2 ring of evasion (right hand)
 x - a +5 ring of dexterity (left hand)
Wands
 a - a wand of paralysis (13)
 g - a wand of polymorph (15)
 p - a wand of scattershot (3)
 D - a wand of flame (26)
Scrolls
 b - a scroll of teleportation
 e - 4 scrolls of remove curse
 m - 2 scrolls of blinking
 r - a scroll of identify
 v - 2 scrolls of magic mapping
 z - 2 scrolls of enchant weapon
 E - a scroll of silence {unknown}
Potions
 h - 3 potions of curing
 j - a potion of berserk rage
 o - a potion of resistance
 s - a potion of agility
 w - a potion of flight
 A - a potion of invisibility {unknown}
Comestibles
 c - 17 rations


   Skills:
 + Level 8.3 Fighting
 * Level 10.2 Maces & Flails
 + Level 8.1 Armour
 - Level 0.7 Dodging
 + Level 7.5 Shields
 + Level 8.0 Invocations


You had 10 spell levels left.
You didn't know any spells.
Your spell library contained the following spells:

 Spells                   Type           Power        Failure   Level  Hunger
 Sandblast                Erth           #.....       100%        1    ##.....
 Passwall                 Tmut/Erth      #.......     100%        2    ###....
 Stone Arrow              Conj/Erth      #.....       100%        3    ####...
 Petrify                  Tmut/Erth      #.......     100%        4    #####..
 Lee's Rapid Deconstruct  Erth           #.........   100%        5    ######.


Dungeon Overview and Level Annotations

Branches:
Dungeon (9/15)             Temple (0/1) D:4
   Lair: D:8-11         Orc: D:9-12

Altars:
Dithmenos
Elyvilon
Nemelex Xobeh
Qazlal
Wu Jian
Xom

Shops:
D:6 :   D:7 *   D:8 *

Annotations:
D:3 1 runed door


Innate Abilities, Weirdness & Mutations

You are resistant to torment.
Your stone body is resilient. (AC +8)
You are immune to poison.
You resist negative energy. (rN+)
You are resistant to electric shocks. (rElec)
You can survive without breathing.
You are immune to petrification.
You are immune to rotting.


Message History

You sock the very large slime creature!
The very large slime creature is moderately wounded.
A slime creature comes into view.
You completely miss the very large slime creature.
The very large slime creature is moderately wounded.
The very large slime creature hits you!!
You hit the very large slime creature.
The very large slime creature is moderately wounded.
The very large slime creature closely misses you.
You bludgeon the very large slime creature!!
The very large slime creature is heavily wounded.
A slime creature comes into view.
Two slime creatures merge to form an enormous slime creature.
You bludgeon the enormous slime creature!!
The enormous slime creature is heavily wounded.
You sock the enormous slime creature!
The enormous slime creature is heavily wounded.
The enormous slime creature hits you!!!
Ouch! That really hurt!
You die...

########
..##...#
#J##.#.#
#J##.#.#
.#####@##.#.#
.............#
######
...####.##...#
#.....
...###.##
#..... #####
#.# #..### #.#
#..##. #.#
#..##. #.#
#..##. #.#
#..##.


You could see an enormous slime creature and a slime creature.

Vanquished Creatures
  A hydra (D:8)
  2 centaur warriors (D:8)
  Pikel (D:5)
  A polar bear (D:9)
  2 dream sheep (D:8)
  2 hippogriffs
  8 yaks
  Menkaure (D:5)
  Duvessa (D:7)
  2 water moccasins (D:7)
  An orc warrior (D:8)
  3 sky beasts
  3 ice beasts
  A centaur (D:7)
  An ogre (D:5)
  3 big kobolds (D:8)
  4 bullfrogs
  Dowan (D:7)
  3 scorpions
  A water moccasin skeleton (D:9)
  4 killer bees (D:7)
  4 wights (D:8)
  A howler monkey (D:8)
  A crimson imp (D:6)
  7 hounds
  3 orc priests
  Crazy Yiuf (D:2)
  3 jellies
  4 orc wizards
  A bullfrog skeleton (D:4)
  5 iguanas
  5 worker ants
  A bullfrog simulacrum (D:9)
  A hound skeleton (D:7)
  8 gnolls
  17 adders
  5 shadow imps
  13 oozes
  4 adder skeletons
  An adder zombie (D:8)
  3 worms
  4 dart slugs
  An adder simulacrum (D:9)
  8 leopard geckos
  16 orcs
  8 ball pythons
  7 giant cockroaches
  12 goblins
  3 hobgoblins
  10 jackals
  A quokka (D:9)
  8 bats
  18 frilled lizards
  8 kobolds
  A leopard gecko skeleton (D:5)
  A quokka skeleton (D:6)
  4 rats
244 creatures vanquished.

Vanquished Creatures (others)
  An orc wizard (D:5)
  3 orcs (D:5)
  A bat (D:5)
5 creatures vanquished.

Grand Total: 249 creatures vanquished

Notes
Turn   | Place    | Note
-------+----------+-------------------------------------------
     0 | Abyss:1  | Freyura the Gargoyle Abyssal Knight began the quest for the Orb.
     0 | Abyss:1  | Reached XP level 1. HP: 14/14 MP: 2/2
    20 | D:1      | Escaped the Abyss
   202 | D:1      | Reached XP level 2. HP: 18/19 MP: 3/3
   753 | D:2      | Reached XP level 3. HP: 17/23 MP: 4/4
   799 | D:2      | Reached ** piety under Lugonu
  1008 | D:2      | Reached skill level 3 in Maces & Flails
  1008 | D:2      | Reached XP level 4. HP: 28/29 MP: 4/6
  1065 | D:2      | Found a runed door.
  1370 | D:2      | Noticed Crazy Yiuf
  1378 | D:2      | Paralysed by Crazy Yiuf for 4 turns
  1397 | D:2      | Killed Crazy Yiuf
  1397 | D:2      | Reached skill level 1 in Shields
  1535 | D:3      | Reached XP level 5. HP: 26/33 MP: 7/7
  1749 | D:3      | Found a shadowy altar of Dithmenos.
  1750 | D:3      | Found a sparkling altar of Nemelex Xobeh.
  1750 | D:3      | Found a shimmering altar of Xom.
  1751 | D:3      | Found a stormy altar of Qazlal.
  1810 | D:3      | Found a white marble altar of Elyvilon.
  1810 | D:3      | Noticed an angel
  1811 | D:3      | Found a runed door.
  1840 | D:3      | Reached XP level 6. HP: 23/38 MP: 8/8
  2051 | D:4      | Reached skill level 4 in Maces & Flails
  2060 | D:4      | Got a scorched flail
  2061 | D:4      | Identified the +7 flail of Drought {holy, +Rage rElec MR+ Str+3} (You found it on level 4 of the Dungeon)
  2234 | D:4      | Reached *** piety under Lugonu
  2421 | D:4      | Found a staircase to the Ecumenical Temple.
  2765 | D:5      | Entered Level 5 of the Dungeon
  2804 | D:5      | Reached XP level 7. HP: 44/44 MP: 9/9
  2822 | D:5      | Found a glowing drain.
  2823 | D:5      | Noticed Pikel
  2843 | D:5      | Killed Pikel
  2843 | D:5      | Reached skill level 5 in Fighting
  2843 | D:5      | Reached skill level 5 in Maces & Flails
  2843 | D:5      | Reached XP level 8. HP: 30/49 MP: 11/11
  2852 | Sewer    | Entered a sewer
  3103 | Sewer    | Reached **** piety under Lugonu
  3346 | D:5      | Found an ornate altar of the Wu Jian Council.
  3397 | D:5      | Reached skill level 6 in Maces & Flails
  3517 | D:5      | Noticed Menkaure
  3520 | D:5      | Killed Menkaure
  3520 | D:5      | Reached skill level 5 in Armour
  3520 | D:5      | Reached skill level 5 in Invocations
  3916 | D:6      | Found Qiur's Book Boutique.
  4206 | D:6      | Reached XP level 9. HP: 55/55 MP: 11/13
  4592 | D:7      | Noticed Duvessa
  4592 | D:7      | Noticed Dowan
  4605 | D:7      | Killed Duvessa
  4605 | D:7      | Reached skill level 7 in Maces & Flails
  4607 | D:7      | Killed Dowan
  4668 | D:7      | Reached skill level 5 in Shields
  4862 | D:7      | Found Lipreree's Serpentskin Sales.
  4885 | D:7      | Reached ***** piety under Lugonu
  4972 | D:7      | Reached skill level 8 in Maces & Flails
  5061 | D:7      | Identified a scroll of acquirement
  5062 | D:7      | Got a crude large shield
  5073 | D:7      | Identified the +1 large shield of Love and Death {rF+ Regen+ Int+3 Stlth+} (You acquired it on level 7 of the Dungeon)
  5184 | D:8      | Found Tadaev's Tempting Trifles.
  5244 | D:8      | Reached XP level 10. HP: 61/61 MP: 14/14
  5376 | D:8      | Noticed a centaur warrior
  5390 | D:8      | Killed a centaur warrior
  5507 | D:8      | Noticed a centaur warrior
  5519 | D:8      | Killed a centaur warrior
  5519 | D:8      | Reached skill level 9 in Maces & Flails
  5621 | D:8      | Noticed a three-headed hydra
  5640 | D:8      | Killed a three-headed hydra
  5758 | D:8      | Reached XP level 11. HP: 66/68 MP: 16/16
  6067 | D:9      | Reached skill level 10 in Maces & Flails
  6263 | D:9      | Mangled by an enormous slime creature

Skill      XL: |  1  2  3  4  5  6  7  8  9 10 11 |
---------------+----------------------------------+-----
Maces & Flails | 3 4 5 6 8 9 10 | 10.2
Shields        | 1 2 3 4 5 7 |  7.5
Invocations    | 3 4 5 6 7 8 |  8.0
Armour         | 3 4 5 6 7 8 |  8.1
Fighting       | 4 5 6 7 8 |  8.3
Dodging        | |  0.7

Action                   |  1- 3 |  4- 6 |  7- 9 | 10-12 || total
-------------------------+-------+-------+-------+-------++-------
Melee: Mace              |   100 |   172 |       |       ||   272
       Flail             |       |    40 |   362 |   196 ||   598
  Use: Scroll            |     1 |     9 |     7 |     2 ||    19
       Potion            |       |     2 |       |     3 ||     5
 Stab: Invisible         |       |     3 |       |       ||     3
  Eat: Ration            |       |     2 |     4 |       ||     6
       Chunk             |       |       |     1 |       ||     1
Armor: Leather armour    |    32 |       |       |       ||    32
       Ring mail         |    35 |     7 |       |       ||    42
       Chain mail        |       |   201 |   241 |    73 ||   515
Dodge: Dodged            |    68 |    49 |    87 |    30 ||   234
Block: Shield            |    18 |   105 |   205 |       ||   328
       Large shield      |       |       |    26 |   128 ||   154
